BSA
NEW YORK KNIGHTS @ POCATELLO BELLAS
08/23/2030
 
TOP OF THE 1ST
New York Knights batting - Pitching for Pocatello Bellas : RHP Chris Martin
Pitching: RHP Chris Martin
Batting: LHB Bob Campbell 0-0: Ball
1-0: Swinging Strike
1-1: Ball
2-1: Ball
3-1: Foul Ball, location: 2F
3-2: Ground out 4-3 (Groundball, 4D)
Batting: RHB Jackson Gibson 0-0: Ball
1-0: Called Strike
1-1: Called Strike
1-2: Foul Ball, location: 2F
1-2: Ball
2-2: Foul Ball, location: 2F
2-2: Foul Ball, location: 2F
2-2: Ball
3-2: Strikes out swinging
Batting: LHB Willie Wallace 0-0: Called Strike
0-1: SINGLE (Groundball, 6MD)
Batting: SHB Mark Wells 0-0: Called Strike
Willie Wallace is caught stealing 2nd base
Top of the 1st over - 0 runs, 1 hit, 0 errors, 0 left on base; New York 0 - Pocatello 0
BOTTOM OF THE 1ST
Pocatello Bellas batting - Pitching for New York Knights : RHP Tony Meyer
Pitching: RHP Tony Meyer
Batting: RHB Lonnie Anderson 0-0: Ball
1-0: Called Strike
1-1: Ball
2-1: Foul Ball, location: 2F
2-2: Ground out 6-3 (Groundball, 6M)
Batting: RHB Júlio Figueroa 0-0: Fly out, F7 (Flyball, 78M)
Batting: RHB António Ortega 0-0: Called Strike
0-1: Foul Ball, location: 2F
0-2: Ball
1-2: Ball
2-2: SINGLE (Flyball, 9LS)
Batting: SHB Shane Hutchinson 0-0: Called Strike
0-1: Called Strike
0-2: Ball
1-2: Ball
2-2: Strikes out swinging
Bottom of the 1st over - 0 runs, 1 hit, 0 errors, 1 left on base; New York 0 - Pocatello 0
TOP OF THE 2ND
New York Knights batting - Pitching for Pocatello Bellas : RHP Chris Martin
Batting: SHB Mark Wells 0-0: Swinging Strike
0-1: Ground out 3-1 (Groundball, 34)
Batting: RHB Alberto Hernández 0-0: Ball
1-0: SINGLE (Line Drive, 8RS)
Batting: RHB Yasuhiko Sumita 0-0: Called Strike
0-1: Ball
1-1: Swinging Strike
1-2: Strikes out looking
Batting: RHB Gerald Miller 0-0: Ball
Alberto Hernández steals 2nd base
1-0: Fly out, F8 (Flyball, 89D)
Top of the 2nd over - 0 runs, 1 hit, 0 errors, 1 left on base; New York 0 - Pocatello 0
BOTTOM OF THE 2ND
Pocatello Bellas batting - Pitching for New York Knights : RHP Tony Meyer
Batting: LHB José Rivas 0-0: Ground out 4-3 (Groundball, 4M)
Batting: LHB Stan Bates 0-0: Ball
1-0: SINGLE (Flyball, 89S)
Batting: SHB Juan Castro 0-0: Ball
1-0: Fly out, F9 (Flyball, 89S)
Batting: RHB Javier Deleón 0-0: Ball
1-0: Ground out U3 (Groundball, 3)
Bottom of the 2nd over - 0 runs, 1 hit, 0 errors, 1 left on base; New York 0 - Pocatello 0
TOP OF THE 3RD
New York Knights batting - Pitching for Pocatello Bellas : RHP Chris Martin
Batting: RHB Jason Blair 0-0: Ball
1-0: Single, Error in OF, E8, batter to second base
Batting: RHB Robert Downing 0-0: Ball
1-0: Called Strike
1-1: Ball
2-1: Called Strike
2-2: Fly out, F9 (Flyball, 9)
Batting: LHB Bob Campbell 0-0: Ball
Jason Blair is caught stealing 3rd base
1-0: Ball
2-0: Foul Ball, location: 2F
2-1: Foul Ball, location: 2F
2-2: Ground out 6-3 (Groundball, 6)
Top of the 3rd over - 0 runs, 1 hit, 1 error, 0 left on base; New York 0 - Pocatello 0
BOTTOM OF THE 3RD
Pocatello Bellas batting - Pitching for New York Knights : RHP Tony Meyer
Batting: RHB Enrique Mendoza 0-0: Ball
1-0: Foul Ball, location: 2F
1-1: Ground out 6-3 (Groundball, 6M)
Batting: RHB Lonnie Anderson 0-0: Called Strike
0-1: Swinging Strike
0-2: Foul Ball, location: 2F
0-2: Fly out, F7 (Line Drive, 7)
Batting: RHB Júlio Figueroa 0-0: SINGLE (Flyball, 7S)
Batting: RHB António Ortega 0-0: Ball
1-0: Swinging Strike
1-1: DOUBLE (Line Drive, 9LM)
Júlio Figueroa to third
Batting: SHB Shane Hutchinson 0-0: Called Strike
0-1: Ball
1-1: Called Strike
1-2: Ball
2-2: Ground out 5-3 (Groundball, 5)
Bottom of the 3rd over - 0 runs, 2 hits, 0 errors, 2 left on base; New York 0 - Pocatello 0
TOP OF THE 4TH
New York Knights batting - Pitching for Pocatello Bellas : RHP Chris Martin
Batting: RHB Jackson Gibson 0-0: Ball
1-0: Ball
2-0: Ground out 5-3 (Groundball, 56)
Batting: LHB Willie Wallace 0-0: Fly out, F9 (Flyball, 9S)
Batting: SHB Mark Wells 0-0: Ball
1-0: Called Strike
1-1: Called Strike
1-2: Ball
2-2: Ground out 4-3 (Groundball, 4)
Top of the 4th over - 0 runs, 0 hits, 0 errors, 0 left on base; New York 0 - Pocatello 0
BOTTOM OF THE 4TH
Pocatello Bellas batting - Pitching for New York Knights : RHP Tony Meyer
Batting: LHB José Rivas 0-0: Ball
1-0: Foul Ball, location: 2F
1-1: Foul Ball, location: 2F
1-2: Ball
2-2: Strikes out swinging
Batting: LHB Stan Bates 0-0: Ball
1-0: Called Strike
1-1: Swinging Strike
1-2: Ball
2-2: Strikes out looking
Batting: SHB Juan Castro 0-0: Fly out, F6 (Popup, 56)
Bottom of the 4th over - 0 runs, 0 hits, 0 errors, 0 left on base; New York 0 - Pocatello 0
TOP OF THE 5TH
New York Knights batting - Pitching for Pocatello Bellas : RHP Chris Martin
Batting: RHB Alberto Hernández 0-0: SINGLE (Groundball, 6D)
Batting: RHB Yasuhiko Sumita 0-0: Called Strike
0-1: Ball
1-1: Foul Ball, location: 2F
1-2: Strikes out looking
Batting: RHB Gerald Miller 0-0: Foul Ball, location: 2F
0-1: Swinging Strike
0-2: Strikes out looking
Alberto Hernández steals 2nd base
Batter strikes out.
Batting: RHB Jason Blair 0-0: Ball
1-0: Ball
2-0: Called Strike
2-1: Foul Ball, location: 2F
2-2: Strikes out swinging
Top of the 5th over - 0 runs, 1 hit, 0 errors, 1 left on base; New York 0 - Pocatello 0
BOTTOM OF THE 5TH
Pocatello Bellas batting - Pitching for New York Knights : RHP Tony Meyer
Batting: RHB Javier Deleón 0-0: Ball
1-0: Ball
2-0: Swinging Strike
2-1: Foul Ball, location: 2F
2-2: Ground out 6-3 (Groundball, 6)
Batting: RHB Enrique Mendoza 0-0: Ball
1-0: SOLO HOME RUN (Flyball, 7LD), Distance : 331 ft
Batting: RHB Lonnie Anderson 0-0: Fly out, F4 (Line Drive, 4)
Batting: RHB Júlio Figueroa 0-0: DOUBLE (Line Drive, 78D)
Batting: RHB António Ortega 0-0: DOUBLE (Flyball, 78XD)
Júlio Figueroa scores
Batting: SHB Shane Hutchinson 0-0: Foul Ball, location: 2F
0-1: Ball
1-1: Foul Ball, location: 2F
1-2: Ground out U3 (Groundball, 3L)
Bottom of the 5th over - 2 runs, 3 hits, 0 errors, 1 left on base; New York 0 - Pocatello 2
TOP OF THE 6TH
New York Knights batting - Pitching for Pocatello Bellas : RHP Chris Martin
Batting: RHB Robert Downing 0-0: Ball
1-0: Ball
2-0: Called Strike
2-1: Ball
3-1: Ground out 4-3 (Groundball, 4M)
Batting: LHB Bob Campbell 0-0: Ball
1-0: SINGLE (Flyball, 89S)
Batting: RHB Jackson Gibson 0-0: Ball
Bob Campbell steals 2nd base
1-0: Ball
2-0: Ball
3-0: Called Strike
3-1: Fly out, F9 (Flyball, 89M)
Runner from 2nd tags up, SAFE at 3rd with throw
Batting: LHB Willie Wallace 0-0: Ball
1-0: Foul Ball, location: 2F
1-1: Called Strike
1-2: Strikes out looking
Top of the 6th over - 0 runs, 1 hit, 0 errors, 1 left on base; New York 0 - Pocatello 2
BOTTOM OF THE 6TH
Pocatello Bellas batting - Pitching for New York Knights : RHP Tony Meyer
Batting: LHB José Rivas 0-0: Foul Ball, location: 2F
0-1: Called Strike
0-2: SINGLE (Groundball, 34D)
Batting: LHB Stan Bates 0-0: Ball
1-0: Foul Ball, location: 2F
1-1: Ball
2-1: Foul Ball, location: 2F
2-2: Fielders Choice at 2nd, 4-6 (Groundball, 4)
Batting: SHB Juan Castro 0-0: Ball
1-0: Ball
2-0: Called Strike
2-1: Foul Ball, location: 2F
2-2: Fly out, F7 (Line Drive, 78M)
Batting: RHB Javier Deleón 0-0: Ball
1-0: Ball
2-0: Swinging Strike
2-1: SINGLE (Groundball, 56D)
Stan Bates to second
Batting: RHB Enrique Mendoza 0-0: Ground out 1-3 (Groundball, 13S)
Bottom of the 6th over - 0 runs, 2 hits, 0 errors, 2 left on base; New York 0 - Pocatello 2
TOP OF THE 7TH
New York Knights batting - Pitching for Pocatello Bellas : RHP Chris Martin
Batting: SHB Mark Wells 0-0: Reached on error, E4 (Groundball, 4)
Batting: RHB Alberto Hernández 0-0: Called Strike
0-1: Ball
1-1: Foul Ball, location: 2F
1-2: Ball
2-2: Grounds into double play, 5-4-3 (Groundball, 56)
Batting: RHB Yasuhiko Sumita 0-0: Ball
1-0: SINGLE (Groundball, 4MD)
Batting: RHB Gerald Miller 0-0: Called Strike
0-1: Ball
1-1: Fly out, F9 (Line Drive, 9D)
Top of the 7th over - 0 runs, 1 hit, 1 error, 1 left on base; New York 0 - Pocatello 2
BOTTOM OF THE 7TH
Pocatello Bellas batting - Pitching for New York Knights : RHP Tony Meyer
Batting: RHB Lonnie Anderson 0-0: Called Strike
0-1: Called Strike
0-2: Ground out 5-3 (Groundball, 56)
Batting: RHB Júlio Figueroa 0-0: Ball
1-0: Swinging Strike
1-1: Ball
2-1: Ball
3-1: Foul Ball, location: 2F
3-2: Base on Balls
Batting: RHB António Ortega 0-0: Foul Ball, location: 2F
0-1: Ball
1-1: Called Strike
1-2: Ball
2-2: Ground out 5-3 (Groundball, 2L)
Júlio Figueroa to second
Batting: SHB Shane Hutchinson 0-0: Ball
1-0: Called Strike
1-1: Ball
2-1: 2-RUN HOME RUN (Flyball, 9LD), Distance : 428 ft
Batting: LHB José Rivas 0-0: Ground out 4-3 (Groundball, 34)
Bottom of the 7th over - 2 runs, 1 hit, 0 errors, 0 left on base; New York 0 - Pocatello 4
TOP OF THE 8TH
New York Knights batting - Pitching for Pocatello Bellas : RHP Chris Martin
Batting: RHB Jason Blair 0-0: Fly out, F3 (Popup, 34S)
Batting: RHB Robert Downing 0-0: Ball
1-0: Ball
2-0: Ball
3-0: Called Strike
3-1: Ground out 4-3 (Groundball, 4)
Batting: LHB Bob Campbell 0-0: Called Strike
0-1: Ground out 6-3 (Groundball, 6M)
Top of the 8th over - 0 runs, 0 hits, 0 errors, 0 left on base; New York 0 - Pocatello 4
BOTTOM OF THE 8TH
Pocatello Bellas batting - Pitching for New York Knights : RHP Tony Meyer
Pitching: RHP Jeff Davis
Batting: LHB Stan Bates 0-0: Called Strike
0-1: Swinging Strike
0-2: Ball
1-2: Ball
2-2: Foul Ball, location: 2F
2-2: Foul Ball, location: 2F
2-2: Ground out 3-1 (Groundball, 34)
Batting: SHB Juan Castro 0-0: Called Strike
0-1: Ball
1-1: Ball
2-1: Ball
3-1: Called Strike
3-2: Fly out, F8 (Flyball, 8RS)
Batting: RHB Javier Deleón 0-0: Ground out 6-3 (Groundball, 6)
Bottom of the 8th over - 0 runs, 0 hits, 0 errors, 0 left on base; New York 0 - Pocatello 4
TOP OF THE 9TH
New York Knights batting - Pitching for Pocatello Bellas : RHP Chris Martin
Batting: RHB Jackson Gibson 0-0: Ball
1-0: Ball
2-0: Called Strike
2-1: Called Strike
2-2: Foul Ball, location: 2F
2-2: Strikes out swinging, 2-3 out at first.
Batting: LHB Willie Wallace 0-0: Foul Ball, location: 2F
0-1: Foul Ball, location: 2F
0-2: Ball
1-2: Strikes out swinging
Batting: SHB Mark Wells 0-0: Ball
1-0: Called Strike
1-1: Ball
2-1: SINGLE (Line Drive, 56)
Batting: RHB Alberto Hernández 0-0: Fly out, F4 (Popup, 4M)
Top of the 9th over - 0 runs, 1 hit, 0 errors, 1 left on base; New York 0 - Pocatello 4
Saturday, April 7th, 2018 - OOTP Baseball 18.8 Build 76